 Dungeon Crawl Stone Soup version 0.29.1-15-g9cfb28693d (webtiles) character file.

Game seed: 16014092039919903261

7 leafyfresh the Sneak (level 2, -2/21 HPs)
             Began as an Octopode Delver on Feb 25, 2023.
             Slain by an adder (4 damage)
             ... on level 4 of the Dungeon.
             The game lasted 00:00:18 (202 turns).

leafyfresh the Sneak (Octopode Delver)               Turns: 202, Time: 00:00:19

Health: -2/21      AC:  1    Str: 11    XL:     2   Next: 0%
Magic:  2/2        EV: 13    Int: 12    God:
Gold:   16         SH:  0    Dex: 13    Spells: 1/1 levels left

rFire   . . .      SeeInvis .   a - +0 short sword
rCold   . . .      Faith    .   (no shield)
rNeg    . . .      Spirit   .   (helmet restricted)
rPois   .          Reflect  .   (no amulet)
rElec   .          Harm     .   (no ring)
rCorr   .          Rampage  .   (no ring)
Will    .....                   (no ring)
Stlth   ++++......              (no ring)
HPRegen 0.07/turn               (no ring)
MPRegen 0.08/turn               (no ring)
                                (no ring)
                                (no ring)

@: lethally poisoned (-2 -> -5)
A: almost no armour, amphibious, 8 rings, camouflage 1, gelatinous body 1,
(nimble swimmer 1), tentacles
a: no special abilities


You were on level 4 of the Dungeon.
You visited 1 branch of the dungeon, and saw 2 of its levels.

You collected 16 gold pieces.

Inventory:

Hand Weapons
 a - a +0 short sword (weapon)
Wands
 f - a wand of digging (3)
Scrolls
 b - a scroll of fog
 c - a scroll of magic mapping
 d - 2 scrolls of fear
Potions
 e - a potion of haste
 g - a potion of heal wounds {unknown}


   Skills:
 + Level 3.1 Fighting
 - Level 2.0 Short Blades
 + Level 2.2 Dodging
 + Level 6.7 Stealth


You had one spell level left.
You didn't know any spells.
Your spell library contained the following spells:

 Spells                   Type           Power      Damage    Failure   Level
 Beastly Appendage        Tmut           0%         N/A       32%         1
 Wereblood                Tmut           0%         N/A       45%         2
 Spider Form              Tmut/Pois      0%         N/A       69%         3


Dungeon Overview and Level Annotations

Branches:
Dungeon (5/15)
 Temple: D:4-7

Altars:
Elyvilon
Nemelex Xobeh
Wu Jian


Innate Abilities, Weirdness & Mutations

You cannot wear most types of armour.
You are amphibious.
You can wear up to eight rings at the same time.
Your skin changes colour to match your surroundings (Stealth+).
Your rubbery body absorbs attacks. (AC +1, EV +1)
((You are camouflaged when in or above water. (Stealth+)))
You have tentacles for arms and can constrict up to eight enemies at once.


Message History

No target in view!
A gnoll comes into view. It is wielding a +0 spear.
The gnoll shouts!
A gnoll is nearby!
A gnoll comes into view. It is wielding a +0 halberd.
A gnoll comes into view. It is wielding a +0 spear.
There are monsters nearby!
The gnoll closely misses you.
The gnoll hits you from afar with a +0 spear!
Ouch! That really hurt!
The gnoll shouts!
The gnoll hits you from afar with a +0 spear.
* * * LOW HITPOINT WARNING * * *
There is a stone staircase leading up here.
The gnoll closely misses you. x2
You climb upwards.
The adder hisses angrily.
You hear a shout!
Found a scroll labelled CIEXUA IRUL ZIKK.
Found a stone staircase leading up.
There is a stone staircase leading down here.
You are too injured to fight recklessly!
Unknown command.
The helpless orc fails to defend itself.
You impale the orc!!
You kill the orc!
You hear a splash. x2
The helpless goblin fails to defend itself.
You impale the goblin!!
You kill the goblin!
You hear a splash.
You have reached level 2!
You hit the adder but do no damage. Your grab misses the adder.
The adder bites you.
* * * LOW HITPOINT WARNING * * *
You are lethally poisoned!
The adder poisons you! The adder closely misses you.
You barely miss the adder. Your grab misses the adder.
* * * LOW HITPOINT WARNING * * *
You feel sick. The adder bites you.
You die...

..~~≈≈≈P~....P#.
#.~P~≈≈~........
#..~~~≈.~..........
....≈≈~.).........
....~≈≈P~.........
....~≈≈≈~.........
....~≈≈~~.........
...~~≈≈~?..##.....
....~P≈≈.... .....
#..~~~≈≈..........


You could see an adder.

Vanquished Creatures
  2 orcs
  A goblin (D:4)
  A quokka (D:5)
4 creatures vanquished.

Notes
Turn   | Place    | Note
-------+----------+-------------------------------------------
     0 | D:5      | leafyfresh the Octopode Delver began the quest for the Orb.
     0 | D:5      | Reached XP level 1. HP: 16/16 MP: 1/1
   182 | D:5      | Found an ornate altar of the Wu Jian Council.
   186 | D:5      | Found a white marble altar of Elyvilon.
   187 | D:5      | Found a sparkling altar of Nemelex Xobeh.
   201 | D:4      | Reached XP level 2. HP: 6/21 MP: 2/2
   202 | D:4      | Slain by an adder

Illustrated notes

Levels and vault maps discovered:
D:4:      layout_cave_pools, grunt_gozag_breadcrumbs,
          nicolae_vehumet_altar_sigil, kennysheep_mini_moat,
          grunt_temple_overflow_diamond, minmay_temple_entry_gardened_gates,
          chequers_big_river
D:5:      layout_cave_pools, mainiacjoe_overflow_tiny_flanked,
          lemuel_mausoleum_altar_yredelemnul,
          gammafunk_temple_overflow_forgotten, wad_floor_pattern_1,
          uniq_blork_the_orc

Action                   || total
-------------------------++-------
Melee: Short sword       ||     7
       Constrict         ||     2
       Tentacles         ||     2
 Stab: Sleeping          ||     2
Dodge: Dodged            ||     6
